 Dungeon Crawl Stone Soup version 0.23.0 (webtiles) character file.

Game seed: 3820111265603859620

3002 lyphon the Thaumaturge (level 10, -3/67 HPs)
             Began as a Formicid Wizard on Feb 9, 2019.
             Was a Priest of Sif Muna.
             Slain by a hippogriff (6 damage)
             ... on level 8 of the Dungeon.
             The game lasted 01:04:08 (13636 turns).

lyphon the Thaumaturge (Formicid Wizard)           Turns: 13636, Time: 01:04:08

Health: -3/67      AC:  4    Str: 11      XL:     10   Next: 9%
Magic:  7/23       EV: 12    Int: 22      God:    Sif Muna [***...]
Gold:   518        SH:  0    Dex:  7 (9)  Spells: 10/28 levels left

rFire    + . .     SeeInvis +   J - +3 dire flail
rCold    . . .     Gourm    .   (no shield)
rNeg     . . .     Faith    .   b - +0 robe
rPois    .         Spirit   .   (helmet unavailable)
rElec    .         Reflect  .   v - +0 cloak
rCorr    .         Harm     .   E - +0 pair of gloves
MR       +....                  (no boots)
Stlth    ++........             (no amulet)
HPRegen  0.21/turn              r - ring of protection from fire
MPRegen  0.18/turn              (no ring)

@: no status effects
A: permanent stasis, dig shafts and tunnels, four strong arms, antennae 3
a: Dig, Shaft Self, Divine Energy, Channel Magic, Renounce Religion


You were on level 8 of the Dungeon.
You worshipped Sif Muna.
Sif Muna was most pleased with you.
You were not hungry.

You visited 2 branches of the dungeon, and saw 10 of its levels.

You collected 518 gold pieces.

Inventory:

Hand Weapons
 f - a +0 dagger
 o - a +0 whip
 p - a +2 club
 t - a +2 flail of holy wrath
 I - a -2 quarterstaff
 J - a +3 dire flail (weapon)
Missiles
 m - 21 sling bullets
 F - 3 throwing nets (quivered)
Armour
 b - a +0 robe (worn)
 v - a +0 cloak (worn)
 C - a +0 robe
 E - a +0 pair of gloves (worn)
Jewellery
 r - a ring of protection from fire (left hand)
Wands
 l - a wand of clouds (5)
 x - a wand of enslavement (10)
 M - a wand of flame (12)
 N - a wand of digging (5)
Scrolls
 a - 2 scrolls of fear {unknown}
 c - a scroll of brand weapon {unknown}
 h - a scroll of magic mapping {unknown}
 i - 9 scrolls of teleportation
 j - 3 scrolls of amnesia
 n - 3 scrolls of blinking
 q - a scroll of remove curse
 s - a scroll of enchant weapon {unknown}
 y - a scroll of fog {unknown}
 A - a scroll of enchant armour {unknown}
 D - 4 scrolls of identify
 G - a scroll of vulnerability {unknown}
 L - a scroll of summoning {unknown}
Potions
 d - 6 potions of lignification
 e - 6 potions of curing
 g - 2 potions of resistance {unknown}
 k - 3 potions of might
 u - 2 potions of brilliance {unknown}
 w - 3 potions of heal wounds {unknown}
 z - 2 potions of cancellation {unknown}
 B - a potion of degeneration {unknown}
 H - a potion of ambrosia {unknown}
 O - 2 potions of flight {unknown}
Comestibles
 K - 4 rations
 P - a chunk of flesh


   Skills:
 + Level 2.3 Fighting
 + Level 0.7 Short Blades
 - Level 0.9 Maces & Flails
 - Level 0.4 Armour
 - Level 1.8 Dodging
 - Level 2.9 Stealth
 + Level 9.8 Spellcasting
 + Level 3.7 Conjurations
 + Level 7.0 Summonings
   Level 0.8 Translocations
 + Level 3.7 Fire Magic


You had 10 spell levels left.
You knew the following spells:

 Your Spells              Type           Power        Failure   Level  Hunger
a - Flame Tongue          Conj/Fire      ####.        1%          1    None
b - Call Imp              Summ           #####...     1%          2    None
c - Conjure Flame         Conj/Fire      ####....     4%          3    None
d - Slow                  Hex            ##......     10%         2    None
e - Magic Dart            Conj           ####         1%          1    None
f - Throw Flame           Conj/Fire      ####..       1%          2    None
g - Spellforged Servitor  Conj/Summ      ####......   99%         7    #######

Your spell library contained the following spells:

 Spells                   Type           Power        Failure   Level  Hunger
 Shock                    Conj/Air       ###.         3%          1    None
 Mephitic Cloud           Conj/Pois/Air  ###.....     11%         3    None
 Fulminant Prism          Conj/Hex       ###.......   28%         4    ##.....
 Iskenderun's Battlesphe  Conj/Chrm      ###.....     63%         5    ####...
 Blink                    Tloc           Unusable     N/A         2    N/A

Dungeon Overview and Level Annotations

Branches:
Dungeon (9/15)             Temple (1/1) D:5
   Lair: D:8-11         Orc: D:9-12

Altars:
Ashenzari
Cheibriados
Dithmenos
Elyvilon
Fedhas
Gozag
Hepliaklqana
Kikubaaqudgha
Makhleb
Nemelex Xobeh
Okawaru
Qazlal
Ru
Sif Muna
Trog
Uskayaw
Vehumet
Wu Jian
Xom
Yredelemnul
Zin
The Shining One


Innate Abilities, Weirdness & Mutations

You cannot be hasted, slowed, berserked, paralysed or teleported.
You can dig through walls and to a lower floor.
Your four strong arms can wield two-handed weapons with a shield.
You have a pair of large antennae on your head. (SInv)


Message History

Aim: a hippogriff (almost dead)
The flame tongue hits the hippogriff.
The hippogriff is almost dead.
The hippogriff bites you!
* * * LOW HITPOINT WARNING * * *
The hippogriff pecks you!
* * * LOW HITPOINT WARNING * * *
The hippogriff claws you.
* * * LOW HITPOINT WARNING * * *
The hound closely misses you.
Your crimson imp blinks!
There is a stone staircase leading up here.
The hound closely misses you. The hippogriff completely misses you.
The hippogriff closely misses you. The hippogriff barely misses you.
The hound bites you.
* * * LOW HITPOINT WARNING * * *
You climb upwards.
There is a stone staircase leading down here.
The hippogriff closely misses you. The hippogriff pecks you.
You die...

##.......# #.....####...#
##.......# ##.....###....#
#...###..### ##.............#
...##
##...####..............## ..##
#......................# .##
#......................# ##
#........h.............### .##
##......H>...####........#
..## #.......@..## ##.....####
...######..........####...##.#
#.................###...####.#
##.....................## #5##
##..................5## ##.#
#..........#........## #.#
##........###.......## #.#
...........##.......## #.##
.#...♣...#..##.......## ##.#


You could see a hippogriff and a hound.

Vanquished Creatures
  A centaur zombie (D:5)
  A hungry ghost (D:9)
  Menkaure (D:6)
  An ice beast (D:8)
  3 sky beasts
  A phantom (D:5)
  A crocodile (D:8)
  A big kobold (D:7)
  2 bullfrogs
  2 scorpions
  3 wights
  A howler monkey (D:5)
  A bullfrog zombie (D:5)
  A quasit (D:9)
  2 hounds
  3 orc priests
  A bullfrog skeleton (D:4)
  An iguana (D:7)
  4 orc wizards
  4 worker ants
  A worker ant zombie (D:5)
  5 gnolls
  A howler monkey zombie (D:8)
  A howler monkey skeleton (D:8)
  4 adders
  A shadow imp (D:6)
  4 oozes
  A worm (D:3)
  2 dart slugs (D:2)
  A leopard gecko (D:1)
  13 orcs
  A giant cockroach (D:4)
  13 hobgoblins
  3 jackals
  2 quokkas
  2 ball pythons
  8 bats
  3 frilled lizards (D:1)
  6 goblins
  12 kobolds
  11 rats
130 creatures vanquished.

Vanquished Creatures (collateral kills)
  A hippogriff (D:7)
  An orc warrior (D:7)
  A black bear (D:9)
  2 phantoms
  A sky beast (D:4)
  A necrophage (D:8)
  2 ogres (D:8)
  A bullfrog (D:9)
  2 wights (D:7)
  A howler monkey (D:4)
  2 crimson imps
  A centaur zombie (D:7)
  3 jellies
  4 hounds
  An orc priest (D:4)
  2 orc wizards
  A centaur skeleton (D:4)
  Terence (D:1)
  5 worker ants
  A worker ant zombie (D:5)
  Robin (D:2)
  8 gnolls
  6 adders
  A shadow imp (D:8)
  A dart slug (D:2)
  6 leopard geckos
  22 orcs
  A ball python (D:2)
  A bat (D:2)
  2 giant cockroaches
  4 hobgoblins
  6 jackals
  2 quokkas
  A ball python skeleton (D:4)
  A frilled lizard (D:3)
  12 goblins
  7 kobolds
  A rat (D:2)
117 creatures vanquished.

Grand Total: 247 creatures vanquished

Notes
Turn   | Place    | Note
-------+----------+-------------------------------------------
     0 | D:1      | lyphon the Formicid Wizard began the quest for the Orb.
     0 | D:1      | Reached XP level 1. HP: 13/13 MP: 4/4
   223 | D:1      | Reached XP level 2. HP: 19/19 MP: 3/6
   422 | D:1      | Reached skill level 1 in Conjurations
   631 | D:1      | Reached XP level 3. HP: 24/24 MP: 0/8
   641 | D:1      | Reached skill level 4 in Spellcasting
  1042 | D:1      | Learned a level 2 spell: Call Imp
  1230 | D:2      | Noticed Terence
  1366 | D:1      | Killed Terence
  1366 | D:1      | Reached XP level 4. HP: 14/30 MP: 2/10
  1957 | D:2      | Found a sacrificial altar of Ru.
  2032 | D:2      | Noticed Robin
  2047 | D:2      | Killed Robin
  2100 | D:2      | Reached XP level 5. HP: 33/35 MP: 4/11
  2233 | D:2      | Learned a level 3 spell: Conjure Flame
  2258 | D:2      | Found a shattered altar of Ashenzari.
  3680 | D:3      | Learned a level 2 spell: Slow
  3742 | D:3      | Reached skill level 5 in Spellcasting
  3992 | D:3      | Reached XP level 6. HP: 41/41 MP: 10/13
  5382 | D:4      | Found a glowing drain.
  5481 | D:4      | Reached XP level 7. HP: 42/47 MP: 9/15
  5686 | D:4      | Reached skill level 6 in Spellcasting
  5776 | D:4      | Identified the Disquisition on Attacks
  5780 | D:4      | Learned a level 1 spell: Flame Tongue
  6063 | D:5      | Entered Level 5 of the Dungeon
  6363 | D:5      | Reached skill level 1 in Fighting
  6363 | D:5      | Reached XP level 8. HP: 34/54 MP: 12/17
  6612 | D:5      | Found a staircase to the Ecumenical Temple.
  6622 | Temple   | Entered the Ecumenical Temple
  6739 | Temple   | Became a worshipper of Sif Muna the Loreminder
  6878 | D:5      | Reached skill level 5 in Summonings
  7332 | D:5      | Reached skill level 7 in Spellcasting
  7332 | D:5      | Reached skill level 1 in Fire Magic
  8347 | D:6      | Reached * piety under Sif Muna
  8418 | D:6      | Noticed Menkaure
  8432 | D:6      | Killed Menkaure
  8857 | D:6      | Reached XP level 9. HP: 56/61 MP: 8/20
  9050 | D:6      | Found a bloodstained altar of Trog.
  9264 | D:6      | Learned a level 2 spell: Throw Flame
  9734 | D:7      | Reached ** piety under Sif Muna
  9764 | D:7      | Reached skill level 8 in Spellcasting
 10388 | D:7      | Noticed a hippogriff
 10416 | D:7      | Killed a hippogriff
 11137 | D:7      | Found a glowing silver altar of Zin.
 11784 | D:8      | Found an iron altar of Okawaru.
 12000 | D:8      | Reached skill level 9 in Spellcasting
 12163 | D:8      | Found a burning altar of Makhleb.
 12278 | D:8      | Reached *** piety under Sif Muna
 13068 | D:9      | Found a radiant altar of Vehumet.
 13326 | D:9      | Reached XP level 10. HP: 67/67 MP: 7/23
 13335 | D:9      | Learned a level 7 spell: Spellforged Servitor
 13634 | D:9      | HP: 2/67 [hound (6)]
 13636 | D:8      | Slain by a hippogriff

Skill      XL: |  1  2  3  4  5  6  7  8  9 |
---------------+----------------------------+-----
Conjurations   | 1 2 3 |  3.7
Spellcasting   | 4 5 6 7 9 |  9.8
Summonings     | 2 3 4 5 7 |  7.0
Fighting       | 1 2 |  2.3
Fire Magic     | 2 3 |  3.7
Short Blades   | |  0.7
Maces & Flails | |  0.9
Armour         | |  0.4
Dodging        | |  1.8
Stealth        | |  2.9
Translocations | |  0.8

Action                   |  1- 3 |  4- 6 |  7- 9 | 10-12 || total
-------------------------+-------+-------+-------+-------++-------
Melee: Unarmed           |     4 |       |       |       ||     4
       Dagger            |    31 |     4 |       |       ||    35
       Club              |       |    15 |       |       ||    15
       Flail             |       |       |    12 |       ||    12
       Dire flail        |       |       |     3 |       ||     3
       Quarterstaff      |       |       |     2 |       ||     2
 Cast: Magic Dart        |    75 |   137 |     3 |       ||   215
       Call Imp          |    10 |    58 |   137 |    13 ||   218
       Flame Tongue      |       |       |   274 |    29 ||   303
       Conjure Flame     |       |       |     5 |       ||     5
Invok: Divine Energy     |       |       |     1 |       ||     1
       Stop Divine Energ |       |       |     1 |       ||     1
  Use: Scroll            |       |     3 |     7 |       ||    10
 Stab: Distracted        |       |       |     1 |       ||     1
  Eat: Chunk             |     1 |     4 |     2 |     1 ||     8
       Ration            |       |     3 |     6 |       ||     9
Armor: Leather armour    |     6 |       |       |       ||     6
       Robe              |       |     9 |    26 |     4 ||    39
Dodge: Dodged            |    34 |    65 |   121 |    20 ||   240
